 Dungeon Crawl Stone Soup version 0.15-a0-2374-gaadabb3 (webtiles) character file.

1629 MRaven the Skirmisher (level 8, -6/60 HPs)
             Began as a Demonspawn Chaos Knight on Aug 1, 2014.
             Was a Plaything of Xom.
             Mangled by an orc warrior
             ... wielding a +0 war axe
              (13 damage)
             ... on Level 7 of the Dungeon.
             The game lasted 00:41:15 (8511 turns).

MRaven the Skirmisher (Demonspawn Chaos Knight)     Turns: 8511, Time: 00:41:16

HP  -6/60        AC 12     Str 12      XL: 8   Next: 65%
MP   7/7         EV 10     Int 14      God: Xom
Gold 448         SH  5     Dex 11      Spells:  0 memorised,  7 levels left

rFire  + + .     SeeInvis +     a - +1 falchion (chaos)
rCold  + . .     Clarity  .     i - +2 scale mail {rC+}
rNeg   + . .     rCorr    .     l - +1 buckler of Wasted Space {rF+ SInv Stlth++}
rPois  .         rRot     .     (helmet restricted)
rElec  .         Spirit   .     k - +0 cloak
SustAb .         Warding  +     g - +1 pair of gloves
rMut   .         Stasis   .     (no boots)
Gourm  .                        y - amulet of warding
MR     .....                    e - ring of protection from fire
                                (no ring)

@: not resistant to hostile enchantments, fairly stealthy
A: hooves 1, horns 1, repulsion field 2, blurry vision 2, clumsy 1, frail 1, low
mp 1, nightstalker 1, powered by pain 1, weak 1
a: Renounce Religion


You were on level 7 of the Dungeon.
You worshipped Xom.
You were a beloved toy of Xom.
You were full.

You visited 1 branch of the dungeon, and saw 7 of its levels.

You collected 448 gold pieces.

Inventory:

Hand weapons
 a - a +1 falchion of chaos (weapon)
 t - a +0 falchion
Armour
 g - a +1 pair of gloves (worn)
 i - a +2 scale mail of cold resistance (worn)
 k - a +0 cloak (worn)
 l - the +1 buckler of Wasted Space (worn) {rF+ SInv Stlth++}
   (You found it on level 5 of the Dungeon)

   It protects you from fire.
   It enhances your eyesight.
   It makes you much more stealthy.
Comestibles
 c - 4 bread rations
 j - a fruit
 u - 2 meat rations
 w - a chunk of jackal flesh
Scrolls
 b - a scroll of vulnerability
 d - 2 scrolls of teleportation
 f - a scroll of enchant weapon
 h - 9 scrolls of identify
 m - a scroll of recharging
 n - a scroll of blinking
 v - a scroll of fear {unknown}
Jewellery
 e - a ring of protection from fire (right hand)
 r - an uncursed ring of teleportation
 s - an uncursed amulet of resist corrosion
 x - an uncursed amulet of faith {unknown}
 y - an amulet of warding (around neck)
Potions
 p - a potion of cancellation
 q - a potion of might {unknown}
Books
 o - a book of Fire

   Spells                             Type                      Level
   Ignite Poison                      Fire/Transmutation           5
   Fireball                           Conjuration/Fire             5
   Bolt of Fire                       Conjuration/Fire             6
   Delayed Fireball                   Conjuration/Fire             7
   Ring of Flames                     Charms/Fire                  7


   Skills:
 * Level 7.6 Fighting
 - Level 2.6 Long Blades
 * Level 4.9 Armour
 + Level 4.2 Dodging
 - Level 2.6 Stealth
 * Level 3.2 Shields


You had 7 spell levels left.
You didn't know any spells.

Dungeon Overview and Level Annotations

Branches:
Dungeon (7/15)             Temple (0/1) D:5

Altars:
Ashenzari
Cheibriados
Dithmenos
Fedhas
Trog
Zin


Innate Abilities, Weirdness & Mutations

You have a pair of small horns on your head.
You are surrounded by a moderate repulsion field (EV +3).
You are slightly more attuned to the shadows.
You sometimes gain a little power by taking damage.
You have large cloven feet.
Your vision is quite blurry.
You are clumsy. (Dex -2)
You are frail (-10% HP).
Your magical capacity is low (-10% MP).
You are weak. (Str -2)


Message History

You slash the orc warrior! You freeze the orc warrior.
The orc warrior is moderately wounded.
You block the orc warrior's attack.
You hit the orc warrior. Your kick misses the orc warrior.
The orc warrior is heavily wounded.
The orc warrior hits you with a war axe!
You hit the orc warrior. You freeze the orc warrior.
Your kick misses the orc warrior. You headbutt the orc warrior.
The orc warrior is severely wounded.
You hit the orc warrior but do no damage.
The orc warrior is poisoned.
The orc warrior is severely wounded.
The orc warrior hits you with a war axe!
* * * LOW HITPOINT WARNING * * *
Your scale mail prevents you from hitting the orc warrior.
You kick the orc warrior, but do no damage.
Your headbutt misses the orc warrior.
The orc warrior is almost dead.
The orc warrior hits you with a war axe!
You die...

, ** ,** *,*#....# #.# ,*
, , ,**, ###..# #.# > *
*,,,,,**.* #..# #.# h**,,
,, ,,,,..####..#######.#
** ,
,,,#<...............# ,
*,,, .........######### *
* *, ,..##o#...# ** *
**,*** #o###.# ,* * * #@#
#.# * * #.# #.# ,* *, #.#
#.# * * *,* #.# #.# * * *
#%###.# *, *** * #.≈<..#
### * ,
,,,#####.....########.###
* * *
....?...................
,
#.###.........######.##.


You could see an orc warrior and an orc wizard (invisible).

Vanquished Creatures
  A shadow (D:7)
  2 sky beasts
  A phantom (D:5)
  An orc warrior (D:6)
  2 ogres
  The ghost of bart the Shooter, an average HEAM (D:4)
  A giant frog (D:6)
  Blork the orc (D:4)
  A scorpion (D:6)
  2 goliath beetles (D:6)
  4 orc priests
  2 crimson imps
  A centaur zombie (D:7)
  3 hounds
  2 iron imps
  A quasit (D:6)
  4 worker ants
  2 orc wizards
  Natasha (thrice) (D:5)
  A sky beast zombie (D:5)
  Ijyb (D:4)
  A hound skeleton (D:5)
  8 adders
  2 shadow imps
  2 white imps
  A worm (D:2)
  An orc skeleton (D:4)
  6 giant geckos
  An ooze (D:2)
  15 orcs
  12 bats
  A giant cockroach (shapeshifter) (D:3)
  5 giant cockroaches
  11 hobgoblins
  8 jackals
  4 quokkas
  2 ball pythons
  7 giant newts
  13 goblins
  A goblin skeleton (D:4)
  15 kobolds
  7 rats
  A rat zombie (D:5)
  A ballistomycete (D:7)
162 creatures vanquished.

Vanquished Creatures (collateral kills)
  An orc priest (D:3)
  An orc wizard (D:3)
  2 orcs
  3 goblins
  A bat (D:1)
  A rat (D:3)
9 creatures vanquished.

Vanquished Creatures (others)
  A crimson imp (D:2)
  A giant spore (D:7)
2 creatures vanquished.

Grand Total: 173 creatures vanquished

Notes
Turn   | Place    | Note
--------------------------------------------------------------
     0 | D:1      | MRaven, the Demonspawn Chaos Knight, began the quest for the Orb.
     0 | D:1      | Reached XP level 1. HP: 18/18 MP: 1/1
    18 | D:1      | Reached skill level 1 in Dodging
   302 | D:1      | XOM: harmless Erth miscast
   362 | D:1      | Gained mutation: You are surrounded by a mild repulsion field (EV +2). [demonic ancestry]
   362 | D:1      | Reached XP level 2. HP: 24/24 MP: 2/2
   506 | D:1      | XOM: polymorph hobgoblin -> bat
   625 | D:1      | XOM: god gift: 29 gold pieces
   861 | D:1      | XOM: mild Divn miscast
  1020 | D:1      | Gained mutation: You are slightly more attuned to the shadows. [demonic ancestry]
  1020 | D:1      | Reached XP level 3. HP: 29/29 MP: 3/3
  1209 | D:2      | XOM: 1-stop teleportation journey
  1326 | D:2      | XOM: summons 1 hostile demon
  1401 | D:2      | XOM: god gift: scroll labeled BENA CE REF
  1583 | D:2      | Reached skill level 4 in Fighting
  1680 | D:2      | XOM: polymorph quokka -> giant newt
  1683 | D:2      | Gained mutation: You sometimes gain a little power by taking damage. [demonic ancestry]
  1683 | D:2      | Reached XP level 4. HP: 35/37 MP: 4/4
  1795 | D:2      | Found a blossoming altar of Fedhas.
  1821 | D:2      | XOM: divination: magic mapping
  2547 | D:3      | Reached XP level 5. HP: 32/43 MP: 5/5
  3238 | D:3      | XOM: give mutation
  3238 | D:3      | Gained mutation: You are weak. (Str -2) [Xom's mischief]
  3341 | D:3      | XOM: colour smoke trail
  3408 | D:4      | Noticed Blork the orc
  3424 | D:4      | XOM: mild Tloc miscast
  3428 | D:4      | Killed Blork the orc
  3428 | D:4      | Reached skill level 5 in Fighting
  3441 | D:4      | XOM: 7-stop teleportation journey
  3504 | D:4      | Noticed Ijyb
  3534 | D:4      | Killed Ijyb
  3534 | D:4      | Gained mutation: You have a pair of small horns on your head. [demonic ancestry]
  3534 | D:4      | Reached XP level 6. HP: 30/51 MP: 6/6
  3540 | D:4      | XOM: summons 1 hostile demon
  3652 | D:4      | XOM: summons 3 hostile demons
  3743 | D:4      | XOM: 1-stop teleportation journey
  3800 | D:4      | Noticed bart's ghost (average HEAM)
  3810 | D:4      | Killed bart's ghost
  4185 | D:4      | XOM: mild Conj miscast
  4193 | D:4      | XOM: cast spell 'Summon Swarm'
  4247 | D:4      | XOM: mild Conj miscast
  4386 | D:4      | XOM: give mutations
  4386 | D:4      | Gained mutation: Armour fits poorly on your strangely shaped body. [Xom's mischief]
  4386 | D:4      | Gained mutation: Your body is slowly deteriorating. [Xom's mischief]
  4386 | D:4      | Gained mutation: You have sharp fingernails. [Xom's mischief]
  4386 | D:4      | Gained mutation: You are frail (-10% HP). [Xom's mischief]
  4398 | D:4      | Reached skill level 6 in Fighting
  4569 | D:4      | XOM: harmless Fire miscast
  4730 | D:5      | Entered Level 5 of the Dungeon
  4753 | D:5      | Gained mutation: You are surrounded by a moderate repulsion field (EV +3). [demonic ancestry]
  4753 | D:5      | Reached XP level 7. HP: 49/52 MP: 7/7
  4768 | D:5      | Found a shattered altar of Ashenzari.
  4777 | D:5      | Got a faintly glowing buckler
  4784 | D:5      | Identified the +1 buckler of Wasted Space {rF+ SInv Stlth++} (You found it on level 5 of the Dungeon)
  4824 | D:5      | Found a staircase to the Ecumenical Temple.
  5014 | D:5      | Noticed Natasha
  5022 | D:5      | Killed Natasha
  5069 | D:5      | Found a shattered altar of Ashenzari.
  5360 | D:5      | Found a glowing silver altar of Zin.
  5426 | D:5      | XOM: give mutations
  5426 | D:5      | Gained mutation: Your vision is a little blurry. [Xom's mischief]
  5426 | D:5      | Gained mutation: Your vision is quite blurry. [Xom's mischief]
  5426 | D:5      | Lost mutation: Armour fits poorly on your strangely shaped body. [Xom's mischief]
  5426 | D:5      | Lost mutation: Your body is slowly deteriorating. [Xom's mischief]
  5632 | D:5      | XOM: medium Hex miscast
  5633 | D:5      | XOM: silly message
  5660 | D:5      | XOM: enchant monster (good)
  5691 | D:5      | Reached skill level 1 in Stealth
  5691 | D:5      | Reached skill level 1 in Shields
  5707 | D:5      | XOM: medium Divn miscast
  5715 | D:5      | Noticed Natasha
  5763 | D:5      | Killed Natasha
  5847 | D:5      | Noticed Natasha
  5864 | D:5      | Killed Natasha
  6294 | D:6      | XOM: mild Trmt miscast
  6405 | D:6      | XOM: give mutations
  6405 | D:6      | Gained mutation: You are clumsy. (Dex -2) [Xom's mischief]
  6405 | D:6      | Lost mutation: You have sharp fingernails. [Xom's mischief]
  6405 | D:6      | Gained mutation: You have large cloven feet. [Xom's mischief]
  6405 | D:6      | Gained mutation: Your magical capacity is low (-10% MP). [Xom's mischief]
  6578 | D:6      | Found a snail-covered altar of Cheibriados.
  6613 | D:6      | XOM: colour smoke trail
  6791 | D:6      | XOM: silly message
  6917 | D:6      | Reached XP level 8. HP: 56/58 MP: 7/7
  6933 | D:6      | XOM: summons 4 hostile demons
  7038 | D:6      | XOM: stat loss: -1 Dex (9/11)
  7052 | D:6      | Reached skill level 7 in Fighting
  7805 | D:6      | Found a bloodstained altar of Trog.
  7805 | D:6      | Found a shadowy altar of Dithmenos.
  7837 | D:7      | XOM: colour smoke trail
  7966 | D:7      | XOM: 9-stop teleportation journey
  7998 | D:7      | XOM: divination: magic mapping
  8005 | D:7      | HP: 2/60 [orc warrior/war axe (9)]
  8011 | D:7      | Xom revived you
  8013 | D:7      | XOM: fake destruction
  8265 | D:7      | XOM: god gift: falchion {god gift}
  8354 | D:7      | XOM: medium Necr miscast
  8470 | D:7      | XOM: divination: detect creatures
  8511 | D:7      | Mangled by an orc warrior

Action                   |  1- 3 |  4- 6 |  7- 9 || total
-------------------------+-------+-------+-------++-------
Melee: Falchion          |   146 |   260 |   339 ||   745
  Use: Scroll            |     3 |     6 |     9 ||    18
       Potion            |       |     9 |     2 ||    11
 Stab: Sleeping          |     2 |     2 |     5 ||     9
       Petrifying        |     1 |       |     1 ||     2
       Paralysed         |       |     4 |     2 ||     6
       Confused          |       |       |     1 ||     1
       Petrified         |       |       |     1 ||     1
  Eat: Chunk             |     3 |     6 |     5 ||    14
       Meat ration       |       |     1 |       ||     1
       Fruit             |       |       |    14 ||    14
